[ AOE2 MATCH · #506577469 ]
UnrankedTurks vs Wei
Player's team · WIN
Rival team · LOSS
[ REPLAY ANALYSIS · EXTRACTED FROM THE RECORDED GAME ]
Feudal
8:57
Castle
27:57
Imperial
39:25
| APM avg | 71.3 |
| APM peak | 94 |
| eAPM avg | 27.0 |
| Villagers / military | 82 / 168 |
Focus
⚔️ 47.7% · 🌾 52.3%
Scout Cavalry ×94 · Archer ×55 · Camel Scout ×13 · Militia ×4 · Bombard Cannon ×2
Feudal
9:26
Castle
27:05
Imperial
—
| APM avg | 55.2 |
| APM peak | 95 |
| eAPM avg | 21.2 |
| Villagers / military | 113 / 88 |
Focus
⚔️ 25.5% · 🌾 74.5%
Archer ×43 · Unknown (1952) ×42 · Spearman ×32 · Unknown (1944) ×12 · Skirmisher ×8 · Militia ×3
Match map
Initial resources + every placement click. Lines = walls · curves = elevation contours. ◆ gold · ⬟ stone · ● berries · ✦ relic · ◌ wall gap
Your base· Open — unwalled flank
Dry Psyduck's base· ✓ Closed at 27:05 · 53t walls · 1 gate(s)
Smoothed initial terrain · ◌ = detected wall gap · hover for details
Inputs per minute
— RD | El_Zapatero22 - - Dry Psyduck
Build order — RD | El_Zapatero22
First 150 of 313 actions detected
| 0:00 | Create | Villager (Male) ×4 |
| 0:01 | Build | House |
| 0:02 | Build | House |
| 1:35 | Create | Villager (Male) |
| 1:50 | Build | Lumber Camp |
| 1:53 | Create | Villager (Male) |
| 2:29 | Create | Villager (Male) |
| 3:00 | Create | Villager (Male) |
| 3:00 | Create | Villager (Male) |
| 3:00 | Create | Villager (Male) |
| 3:37 | Create | Villager (Male) |
| 3:54 | Build | House |
| 4:17 | Create | Villager (Male) |
| 4:17 | Create | Villager (Male) |
| 4:18 | Create | Villager (Male) |
| 5:03 | Create | Villager (Male) |
| 5:12 | Build | Barracks |
| 5:20 | Create | Villager (Male) |
| 5:41 | Create | Villager (Male) |
| 5:55 | Build | House |
| 6:09 | Research | Loom |
| 6:40 | Research | Feudal Age |
| 6:43 | Create | Militia |
| 6:44 | Create | Militia |
| 7:07 | Build | Mining Camp |
| 7:12 | Create | Militia |
| 7:25 | Create | Militia |
| 8:34 | Create | Villager (Male) |
| 8:57 | Age | Feudal Age |
| 8:59 | Research | Man-at-Arms (upgrade) |
| 9:03 | Create | Villager (Male) |
| 9:09 | Build | Archery Range |
| 9:14 | Build | Mill |
| 9:19 | Build | House |
| 9:33 | Create | Villager (Male) |
| 10:16 | Create | Villager (Male) |
| 10:23 | Create | Villager (Male) |
| 10:31 | Create | Archer |
| 10:36 | Build | Archery Range |
| 10:42 | Create | Villager (Male) |
| 10:50 | Create | Archer |
| 11:08 | Create | Villager (Male) |
| 11:13 | Create | Archer |
| 11:13 | Create | Archer |
| 11:14 | Create | Archer |
| 11:38 | Create | Archer |
| 11:38 | Create | Archer |
| 11:41 | Build | House |
| 11:46 | Create | Villager (Male) |
| 11:50 | Create | Archer |
| 12:10 | Build | Blacksmith |
| 12:14 | Create | Archer |
| 12:14 | Create | Archer |
| 12:19 | Build | House |
| 12:28 | Create | Villager (Male) |
| 12:36 | Create | Archer |
| 12:48 | Create | Villager (Male) |
| 12:57 | Create | Archer |
| 13:07 | Research | Fletching |
| 13:38 | Create | Villager (Male) |
| 13:38 | Create | Villager (Male) |
| 13:40 | Create | Archer |
| 13:40 | Create | Archer |
| 13:55 | Build | Archery Range |
| 14:02 | Create | Villager (Male) |
| 14:03 | Create | Archer |
| 14:17 | Create | Villager (Male) |
| 14:24 | Create | Villager (Male) |
| 14:27 | Create | Archer |
| 14:27 | Create | Archer |
| 14:27 | Create | Archer |
| 14:37 | Build | House |
| 14:43 | Create | Archer |
| 14:44 | Create | Archer |
| 15:15 | Create | Villager (Male) |
| 15:18 | Create | Archer |
| 15:21 | Create | Archer |
| 15:24 | Create | Archer |
| 15:25 | Create | Archer |
| 15:25 | Create | Archer |
| 15:32 | Build | House |
| 15:32 | Build | House |
| 15:33 | Build | House |
| 15:33 | Build | House |
| 15:34 | Build | House |
| 15:39 | Create | Villager (Male) |
| 16:04 | Create | Villager (Male) |
| 16:11 | Create | Archer |
| 16:11 | Create | Archer |
| 16:11 | Create | Archer |
| 16:15 | Create | Villager (Male) |
| 16:18 | Create | Archer |
| 16:34 | Create | Archer |
| 16:36 | Research | Double-Bit Axe |
| 16:47 | Create | Archer |
| 17:01 | Create | Villager (Male) |
| 17:25 | Create | Archer |
| 17:25 | Create | Archer |
| 17:53 | Create | Villager (Male) |
| 17:58 | Create | Archer |
| 17:58 | Create | Archer |
| 18:04 | Build | Lumber Camp |
| 18:06 | Research | Horse Collar |
| 18:08 | Build | Farm |
| 18:09 | Build | Farm |
| 18:09 | Build | Farm |
| 18:09 | Build | Farm |
| 18:10 | Build | Farm |
| 18:10 | Build | Farm |
| 18:15 | Create | Archer |
| 18:15 | Create | Archer |
| 18:28 | Build | Farm |
| 18:32 | Create | Archer |
| 18:32 | Create | Archer |
| 18:40 | Build | Farm |
| 18:47 | Build | Farm |
| 18:53 | Create | Archer |
| 18:53 | Create | Archer |
| 19:02 | Build | Farm |
| 19:05 | Create | Villager (Male) |
| 19:26 | Create | Archer |
| 19:26 | Create | Archer |
| 19:30 | Build | Farm |
| 19:39 | Create | Villager (Male) |
| 20:03 | Create | Villager (Male) |
| 20:24 | Create | Villager (Male) |
| 20:36 | Build | Market |
| 20:40 | Build | Stable |
| 20:43 | Create | Archer |
| 20:43 | Create | Archer |
| 20:47 | Build | Farm |
| 20:52 | Create | Archer |
| 20:53 | Create | Archer |
| 20:54 | Create | Archer |
| 20:58 | Create | Villager (Male) |
| 21:11 | Create | Scout Cavalry |
| 21:12 | Build | Farm |
| 21:18 | Create | Scout Cavalry |
| 21:25 | Build | Farm |
| 21:29 | Create | Villager (Male) |
| 21:36 | Create | Scout Cavalry |
| 21:49 | Build | Farm |
| 21:50 | Build | Farm |
| 21:50 | Build | Farm |
| 21:51 | Build | Farm |
| 21:51 | Build | Farm |
| 21:51 | Build | Farm |
| 21:51 | Build | Farm |
| 21:52 | Build | Farm |
| 21:52 | Build | Farm |
Build order — Dry Psyduck
First 150 of 342 actions detected
| 0:00 | Create | Villager (Male) |
| 0:01 | Create | Villager (Male) |
| 0:01 | Create | Villager (Male) |
| 0:02 | Build | House |
| 0:03 | Build | House |
| 0:17 | Create | Villager (Male) |
| 1:24 | Create | Villager (Male) |
| 1:47 | Create | Villager (Male) |
| 1:55 | Build | Lumber Camp |
| 2:19 | Create | Villager (Male) |
| 2:49 | Create | Villager (Male) |
| 3:12 | Create | Villager (Male) |
| 3:50 | Build | House |
| 3:56 | Create | Villager (Male) |
| 4:01 | Create | Villager (Male) |
| 4:30 | Build | Mill |
| 4:40 | Create | Villager (Male) |
| 4:55 | Create | Villager (Male) |
| 4:56 | Create | Villager (Male) |
| 5:14 | Create | Villager (Male) |
| 5:16 | Create | Villager (Male) |
| 5:38 | Create | Villager (Male) |
| 6:14 | Build | Barracks |
| 6:29 | Research | Loom |
| 6:48 | Build | House |
| 7:14 | Research | Feudal Age |
| 7:20 | Create | Militia |
| 7:24 | Build | House |
| 7:33 | Build | Palisade Wall |
| 7:46 | Create | Militia |
| 8:11 | Create | Militia |
| 8:14 | Build | Mining Camp |
| 9:18 | Create | Villager (Male) |
| 9:26 | Age | Feudal Age |
| 9:29 | Build | Archery Range |
| 9:29 | Research | Man-at-Arms (upgrade) |
| 9:42 | Build | Palisade Wall |
| 9:44 | Build | Palisade Wall |
| 10:18 | Create | Archer |
| 10:22 | Create | Villager (Male) |
| 10:22 | Create | Villager (Male) |
| 10:31 | Create | Archer |
| 10:33 | Create | Villager (Male) |
| 10:42 | Research | Double-Bit Axe |
| 10:46 | Build | House |
| 10:53 | Create | Villager (Male) |
| 11:06 | Create | Archer |
| 11:19 | Create | Villager (Male) |
| 11:25 | Build | House |
| 11:26 | Build | Blacksmith |
| 11:46 | Create | Villager (Male) |
| 11:48 | Create | Archer |
| 12:05 | Create | Archer |
| 12:17 | Create | Villager (Male) |
| 12:27 | Build | Archery Range |
| 12:31 | Build | Palisade Gate |
| 12:43 | Build | House |
| 12:46 | Create | Villager (Male) |
| 12:50 | Research | Fletching |
| 12:55 | Create | Archer |
| 13:04 | Build | House |
| 13:07 | Build | Palisade Wall |
| 13:40 | Create | Villager (Male) |
| 13:40 | Create | Villager (Male) |
| 13:42 | Build | Farm |
| 13:43 | Build | Farm |
| 13:57 | Create | Archer |
| 13:57 | Create | Archer |
| 13:57 | Create | Archer |
| 13:57 | Create | Archer |
| 14:20 | Create | Villager (Male) |
| 14:23 | Build | Farm |
| 14:24 | Build | Farm |
| 14:42 | Build | Farm |
| 14:44 | Build | House |
| 15:22 | Create | Archer |
| 15:22 | Create | Archer |
| 15:25 | Create | Archer |
| 15:25 | Create | Archer |
| 15:33 | Create | Villager (Male) |
| 15:33 | Create | Villager (Male) |
| 15:35 | Build | Farm |
| 15:35 | Create | Villager (Male) |
| 15:45 | Build | House |
| 16:15 | Create | Archer |
| 16:16 | Create | Archer |
| 16:17 | Create | Villager (Male) |
| 16:22 | Build | House |
| 16:26 | Research | Padded Archer Armor |
| 16:31 | Create | Archer |
| 16:34 | Create | Villager (Male) |
| 16:37 | Build | Farm |
| 16:48 | Research | Horse Collar |
| 16:49 | Create | Villager (Male) |
| 16:49 | Create | Villager (Male) |
| 17:19 | Create | Archer |
| 17:20 | Create | Archer |
| 17:31 | Create | Archer |
| 17:31 | Create | Archer |
| 17:37 | Build | Farm |
| 17:40 | Create | Archer |
| 18:05 | Build | House |
| 18:10 | Create | Villager (Male) |
| 18:10 | Create | Villager (Male) |
| 18:13 | Build | Farm |
| 18:13 | Create | Villager (Male) |
| 18:14 | Create | Villager (Male) |
| 18:14 | Create | Villager (Male) |
| 18:14 | Create | Villager (Male) |
| 18:16 | Create | Villager (Male) |
| 18:16 | Create | Villager (Male) |
| 18:21 | Create | Archer |
| 18:21 | Create | Archer |
| 18:33 | Build | Lumber Camp |
| 18:36 | Create | Archer |
| 18:44 | Build | Palisade Wall |
| 18:48 | Create | Archer |
| 18:56 | Create | Skirmisher |
| 19:00 | Build | Palisade Wall |
| 19:02 | Build | Palisade Wall |
| 19:09 | Create | Skirmisher |
| 19:09 | Create | Skirmisher |
| 19:28 | Research | Gold Mining |
| 19:31 | Create | Skirmisher |
| 20:09 | Create | Archer |
| 20:10 | Create | Archer |
| 20:37 | Create | Archer |
| 20:37 | Create | Archer |
| 20:38 | Create | Villager (Male) |
| 20:38 | Create | Villager (Male) |
| 20:39 | Build | Farm |
| 20:40 | Build | Farm |
| 20:41 | Build | Farm |
| 20:42 | Create | Villager (Male) |
| 20:47 | Create | Archer |
| 20:47 | Create | Archer |
| 20:48 | Create | Archer |
| 20:48 | Create | Archer |
| 20:55 | Build | Palisade Wall |
| 20:58 | Build | Palisade Wall |
| 21:03 | Create | Villager (Male) |
| 21:04 | Create | Villager (Male) |
| 21:06 | Build | Farm |
| 21:07 | Build | Farm |
| 21:17 | Create | Archer |
| 21:21 | Create | Villager (Male) |
| 21:36 | Build | Farm |
| 21:37 | Build | Farm |
| 21:37 | Build | Farm |
| 21:40 | Create | Villager (Male) |
Match timeline
| 5:12 | RD | El_Zapatero22 · first_building Barracks |
| 6:14 | Dry Psyduck · first_building Barracks |
| 7:33 | Dry Psyduck · wall_segment Palisade Wall x4 |
| 8:57 | RD | El_Zapatero22 · age_up feudal |
| 9:09 | RD | El_Zapatero22 · first_building Archery Range |
| 9:26 | Dry Psyduck · age_up feudal |
| 9:29 | Dry Psyduck · first_building Archery Range |
| 9:42 | Dry Psyduck · wall_segment Palisade Wall x1 |
| 9:44 | Dry Psyduck · wall_segment Palisade Wall x1 |
| 13:07 | Dry Psyduck · wall_segment Palisade Wall x4 |
| 18:44 | Dry Psyduck · wall_segment Palisade Wall x18 |
| 19:00 | Dry Psyduck · wall_segment Palisade Wall x1 |
| 19:02 | Dry Psyduck · wall_segment Palisade Wall x1 |
| 20:40 | RD | El_Zapatero22 · first_building Stable |
| 20:55 | Dry Psyduck · wall_segment Palisade Wall x9 |
| 20:58 | Dry Psyduck · wall_segment Palisade Wall x1 |
| 21:14 | RD | El_Zapatero22 · first_market_sell 500 stone |
| 21:14 | RD | El_Zapatero22 · first_market_buy 500 food |
| 21:52 | Dry Psyduck · wall_segment Palisade Wall x4 |
| 21:54 | Dry Psyduck · wall_segment Palisade Wall x5 |
| 23:19 | Dry Psyduck · wall_segment Palisade Wall x6 |
| 24:09 | Dry Psyduck · first_market_sell 100 wood |
| 24:10 | Dry Psyduck · first_market_buy 100 food |
| 24:37 | Dry Psyduck · first_building Stable |
| 26:34 | Dry Psyduck · wall_segment Palisade Wall x3 |
| 27:05 | Dry Psyduck · age_up castle |
| 27:57 | RD | El_Zapatero22 · age_up castle |
| 31:01 | Dry Psyduck · first_building Monastery |
| 34:48 | RD | El_Zapatero22 · first_building Monastery |
| 36:12 | Dry Psyduck · wall_segment Palisade Wall x1 |
| 38:38 | Dry Psyduck · wall_segment Stone Wall x1 |
| 39:25 | RD | El_Zapatero22 · age_up imperial |
| 39:46 | RD | El_Zapatero22 · first_building Siege Workshop |
| 41:06 | Dry Psyduck · resign |
[ AI ANALYSIS · 1 CREDIT ]
What really happened in this match?
Wolo.gg analyzes every decision: build order, eco, micro, common mistakes by bracket. Personalized analysis on WhatsApp or Discord in 30 seconds.
Civ guide
Turks
Perfil
RD | El_Zapatero22